 Dungeon Crawl Stone Soup version 0.28-a0-503-g83f2989fac (webtiles) character file.

Game seed: 13240432345526179540

3318 bande the Cleaver (level 10, -7/60 HPs)
             Began as a Gargoyle Fighter on Sept 21, 2021.
             Was a Priest of Okawaru.
             Killed by divine providence
             ... invoked by an orc priest
              (16 damage)
             ... on level 7 of the Dungeon.
             The game lasted 00:14:23 (7961 turns).

bande the Cleaver (Gargoyle Fighter)                Turns: 7961, Time: 00:14:24

Health: -7/60      AC: 24    Str: 26    XL:     10   Next: 2%
Magic:  12/12      EV:  8    Int:  9    God:    Okawaru [***...]
Gold:   1521       SH: 11    Dex: 15    Spells: 9/9 levels left

rFire   . . .      SeeInvis .   a - +1 war axe
rCold   . . .      Faith    .   c - +0 buckler
rNeg    + . .      Spirit   .   l - +0 chain mail
rPois   ∞          Reflect  +   j - +1 helmet
rElec   +          Harm     .   i - +0 cloak
rCorr   .          Rampage  +   e - +0 pair of gloves {Dex+3}
Will    .....      Rnd*Tele +   h - +1 pair of boots {rampage}
Stlth   ..........              o - amulet of reflection
HPRegen 0.20/turn               f - +6 ring of strength
MPRegen 0.13/turn               (no ring)

@: no status effects
A: sickness immunity, AC +7, negative energy resistance 1, electricity
resistance, torment resistance 1, petrification resistance, talons 2, mutation
resistance 1, teleportitis 1
a: Renounce Religion, Heroism


You were on level 7 of the Dungeon.
You worshipped Okawaru.
Okawaru was most pleased with you.
You visited 2 branches of the dungeon, and saw 8 of its levels.

You collected 1521 gold pieces.

Inventory:

Hand Weapons
 a - a +1 war axe (weapon)
 n - a +2 flail of protection
Missiles
 b - 2 throwing nets (quivered)
Armour
 c - a +0 buckler (worn)
 e - a +0 pair of gloves of dexterity (worn)
 h - a +1 pair of boots of rampaging (worn)
 i - a +0 cloak (worn)
 j - a +1 helmet (worn)
 l - a +0 chain mail (worn)
 v - a +0 kite shield
Jewellery
 f - a +6 ring of strength (left hand)
 m - a ring of resist corrosion
 o - an amulet of reflection (around neck)
 q - an amulet of the acrobat
 u - a ring of willpower
Wands
 g - a wand of paralysis (13)
 k - a wand of iceblast (8)
 t - a wand of polymorph (5)
Scrolls
 p - a scroll of teleportation
 r - a scroll of enchant weapon
 w - a scroll of identify
Potions
 d - 2 potions of might


   Skills:
 + Level 6.3 Fighting
 + Level 8.3 Axes
 + Level 6.3 Armour
 + Level 6.1 Shields
 * Level 2.8 Invocations
 * Level 5.0 Evocations


You had 9 spell levels left.
You didn't know any spells.
Your spell library contained the following spells:

 Spells                   Type           Power      Damage    Failure   Level
 Freeze                   Ice            0%         1d3       92%         1
 Slow                     Hex            0%         N/A       98%         2
 Confusing Touch          Hex            0%         N/A       100%        3
 Dazzling Flash           Conj/Hex       0%         N/A       100%        3
 Frozen Ramparts          Ice            0%         1d2       100%        3
 Gell's Gravitas          Tloc           0%         N/A       100%        3
 Lesser Beckoning         Tloc           0%         N/A       100%        3
 Teleport Other           Tloc           0%         N/A       100%        3
 Hailstorm                Conj/Ice       0%         3d3       100%        4
 Agony                    Necr           0%         N/A       100%        5
 Silence                  Hex/Air        0%         N/A       100%        5
 Yara's Violent Unravell  Hex/Tmut       0%         3d3       100%        5


Dungeon Overview and Level Annotations

Branches:
Dungeon (7/15)             Temple (1/1) D:5

Altars:
Kikubaaqudgha
Okawaru
Xom

Shops:
D:1 =(   D:2 [


Innate Abilities, Weirdness & Mutations

You are immune to sickness and miasma.
Your stone body is resilient. (AC +7)
You are immune to poison.
You resist negative energy. (rN+)
You are resistant to electric shocks. (rElec)
You are resistant to unholy torment.
You are immune to petrification.
You have razor-sharp toenails.
You are somewhat resistant to further mutation.
You are occasionally teleported next to monsters.


Message History

You slash the killer bee!
The killer bee is severely wounded.
You block the killer bee's attack.
The killer bee stings you but does no damage.
You miss the killer bee.
The killer bee is severely wounded.
You block the killer bee's attack. x2; A sky beast appears from thin air!
Reactivating autopickup.
The killer bee stings you.
* * * LOW HITPOINT WARNING * * *
You miss the killer bee.
The killer bee is severely wounded.
The killer bee barely misses you.
The killer bee stings you but does no damage.
You closely miss the killer bee.
The killer bee is severely wounded.
You block the killer bee's attack. x2
Your chain mail prevents you from hitting the killer bee.
The killer bee is severely wounded.
You block the killer bee's attack. The killer bee barely misses you.
Unknown command.
The sky beast flickers out of sight!
Deactivating autopickup; reactivate with Ctrl-A.
You block the killer bee's attack. The killer bee barely misses you.
You block the killer bee's attack.
The killer bee stings you but does no damage.
A sky beast appears from thin air!
Reactivating autopickup.
Found a great sword.
Found a stone staircase leading down.
You block the killer bee's attack. The killer bee stings you.
* * * LOW HITPOINT WARNING * * *
You block the killer bee's attack.
The sky beast flickers out of sight!
Deactivating autopickup; reactivate with Ctrl-A.
The killer bee barely misses you.
The killer bee stings you but does no damage.
The orc priest mumbles some strange prayers to Beogh against you.
Beogh smites you!
You die...

#........# .. .. #. #...o..o.#
#.#..# . #. # #)#######.#>.#.
#. #.##.##.##......)... #####.
#.......##..#...#.# #.....
###......o.###....##.. ......
#.....##..o#......... #.....
#..... #.....y.####.# #####.
#......#.#####@.....#.. #.
##...#.#.############.########.
##.........### #.##.......
#...........# #.##.#####.
#.##........## #.##.#####) #
#.........# #.##.##....
#.........######.##.##.##.
#.......[.(......##.##.##.
##.......#######.##.......


You could see a killer bee, an orc priest and an orc.

Vanquished Creatures
  Pikel (D:6)
  Maggie (D:7)
  3 yaks (D:4)
  A steam dragon (D:6)
  2 water moccasins (D:7)
  A sky beast (D:7)
  2 necrophages
  2 ogres (D:7)
  2 centaurs (D:7)
  A phantom (D:5)
  3 bullfrogs
  A scorpion (D:5)
  A wyvern zombie (D:7)
  2 killer bees (D:7)
  A bullfrog zombie (D:5)
  A howler monkey (D:6)
  A centaur zombie (D:6)
  3 orc priests
  3 hounds
  3 jellies
  2 iguanas (D:4)
  Crazy Yiuf (D:6)
  A centaur skeleton (D:7)
  2 orc wizards
  A hound zombie (D:5)
  A hound skeleton (D:4)
  Robin (D:2)
  8 gnolls (D:4)
  3 adders
  A shadow imp (D:5)
  A white imp (D:6)
  An ufetubus (D:5)
  An adder skeleton (D:4)
  2 dart slugs
  20 orcs
  4 endoplasms
  6 giant cockroaches
  25 goblins
  17 hobgoblins
  6 jackals (D:1)
  5 kobolds
  5 quokkas
  5 ball pythons
  8 bats
  2 frilled lizards
  2 rats
166 creatures vanquished.

Notes
Turn   | Place    | Note
-------+----------+-------------------------------------------
     0 | D:1      | bande the Gargoyle Fighter began the quest for the Orb.
     0 | D:1      | Reached XP level 1. HP: 14/14 MP: 1/1
    34 | D:1      | Reached XP level 2. HP: 19/19 MP: 2/2
    45 | D:1      | Reached skill level 2 in Axes
   125 | D:1      | Found Vimyxaka's Jewellery Emporium.
   354 | D:1      | Reached XP level 3. HP: 16/24 MP: 3/3
  1266 | D:1      | Found Qoiholecs's Weapon Shop.
  1321 | D:1      | You fall into a shaft and drop 1 floor!
  1339 | D:2      | Noticed Robin
  1360 | D:2      | Killed Robin
  1389 | D:2      | Reached XP level 4. HP: 29/29 MP: 4/4
  1652 | D:2      | Found a faded altar of an unknown god.
  1710 | D:2      | Found Zaol's Antique Armour Boutique.
  1723 | D:2      | Identified a scroll of acquirement
  1723 | D:2      | Acquired a +0 pair of gloves of dexterity
  2188 | D:3      | Acquired 1159 gold pieces
  2200 | D:3      | Reached skill level 3 in Axes
  2225 | D:3      | Reached XP level 5. HP: 33/33 MP: 5/5
  2695 | D:4      | Acquired a +1 pair of boots of rampaging
  2989 | D:4      | Noticed a yak
  2989 | D:4      | Noticed a yak
  2989 | D:4      | Noticed a yak
  2995 | D:4      | Killed a yak
  2996 | D:4      | Reached skill level 4 in Axes
  2996 | D:4      | Reached skill level 1 in Evocations
  2996 | D:4      | Reached XP level 6. HP: 30/39 MP: 6/6
  3004 | D:4      | Killed a yak
  3005 | D:4      | Reached XP level 7. HP: 15/44 MP: 7/7
  3012 | D:4      | Killed a yak
  3013 | D:4      | Reached skill level 5 in Axes
  3384 | D:4      | Reached skill level 5 in Armour
  3617 | D:4      | Reached XP level 8. HP: 46/48 MP: 8/8
  3830 | D:4      | Acquired an amulet of reflection
  4097 | D:5      | Entered Level 5 of the Dungeon
  4123 | D:5      | Reached skill level 5 in Fighting
  4123 | D:5      | Reached skill level 6 in Axes
  4350 | D:5      | Found a staircase to the Ecumenical Temple.
  4576 | Temple   | Entered the Ecumenical Temple
  4583 | Temple   | Became a worshipper of Warmaster Okawaru
  4839 | D:5      | Gained mutation: You have sharp toenails. [potion of
                  | mutation]
  4839 | D:5      | Gained mutation: You are occasionally teleported next to
                  | monsters. [potion of mutation]
  4839 | D:5      | Gained mutation: You are somewhat resistant to further
                  | mutation. [potion of mutation]
  4839 | D:5      | Gained mutation: You have razor-sharp toenails. [potion of
                  | mutation]
  5463 | D:6      | HP: 1/50 [steam dragon] (9)]
  6099 | D:6      | Noticed Pikel
  6129 | D:6      | Killed Pikel
  6129 | D:6      | Reached * piety under Okawaru
  6130 | D:6      | Reached skill level 7 in Axes
  6130 | D:6      | Reached skill level 5 in Shields
  6130 | D:6      | Reached XP level 9. HP: 55/55 MP: 9/9
  7010 | D:6      | Found a runed translucent door.
  7011 | D:6      | Noticed Crazy Yiuf
  7017 | D:6      | Killed Crazy Yiuf
  7237 | D:7      | Reached ** piety under Okawaru
  7265 | D:7      | Noticed Maggie
  7280 | D:7      | Killed Maggie
  7281 | D:7      | Reached skill level 1 in Invocations
  7557 | D:7      | Reached skill level 8 in Axes
  7897 | D:7      | Reached *** piety under Okawaru
  7932 | D:7      | Reached XP level 10. HP: 29/60 MP: 12/12
  7944 | D:7      | Reached skill level 5 in Evocations
  7961 | D:7      | Killed from afar by an orc priest

Illustrated notes

Levels and vault maps discovered:
D:1:      ncdulo_lavacross, layout_basic, serial_shops, nicolae_square_shop,
          shop, chequers_jeans
D:2:      layout_loops_ring, serial_shops, shop,
          shapermc_ecumenical_altar_ellora, moated_statue, uniq_robin
D:3:      layout_loops_cross
D:4:      cheibrodos_greedy_goblins, layout_basic, roderic_cross_of_infinity,
          minmay_goblin_outpost
D:5:      layout_basic, minmay_temple_entry_junction, st_stairs_1
D:6:      layout_basic, serial_glass, glass_columns_b, glass_columns_a,
          feat_on_display, due_unseen_surprise, feat_on_display, st_stairs_14,
          feat_on_display, uniq_pikel, uniq_crazy_yiuf_cottage
D:7:      layout_loops_cross, uniq_maggie
Temple:   minmay_crystal_snake_temple

Skill      XL: |  1  2  3  4  5  6  7  8  9 10 |
---------------+-------------------------------+-----
Axes           | 2 3 4 5 7 8 |  8.3
Armour         | 4 5 6 |  6.3
Fighting       | 4 5 6 |  6.3
Evocations     | 1 2 4 5 |  5.0
Shields        | 4 5 6 |  6.1
Invocations    | 2 |  2.8

Action                   |  1- 3 |  4- 6 |  7- 9 | 10-12 || total
-------------------------+-------+-------+-------+-------++-------
Melee: War axe           |   103 |   104 |   329 |    20 ||   556
  Use: Scroll            |       |    11 |     2 |       ||    13
       Potion            |       |     2 |     4 |     1 ||     7
Armor: Scale mail        |    65 |    54 |       |       ||   119
       Chain mail        |       |     5 |   189 |    17 ||   211
Dodge: Dodged            |    56 |    66 |   104 |     8 ||   234
Block: Buckler           |    31 |    27 |   148 |    21 ||   227
       Reflection        |       |       |     2 |       ||     2

Table legend: (Time is in decaauts)
 A = Elapsed time spent in this place.
 B = Non-inter-level travel time spent in this place.
 C = Inter-level travel time spent in this place.
 D = Time resting spent in this place.
 E = Time spent auto-exploring this place.
 F = Levels seen in this place.
 G = Mean time per level.
                   A        B        C        D        E       F      G
               +--------+--------+--------+--------+--------+-----+--------+
         Total |   8093 |   7989 |    104 |   1824 |   4711 |   8 | 1011.6 |
       Dungeon |   8078 |   7974 |    104 |   1824 |   4711 |   7 | 1154.0 |
        Temple |     14 |     14 |      0 |      0 |      0 |   1 |   14.0 |
               +--------+--------+--------+--------+--------+-----+--------+

Top non-repeatable levels by time:
     D:6: 1807 daAuts
     D:4: 1440 daAuts
     D:1: 1354 daAuts
     D:5: 1299 daAuts
     D:7: 780 daAuts
     D:2: 732 daAuts
     D:3: 663 daAuts
  Temple: 14 daAuts
